 Dungeon Crawl Stone Soup version 0.18.1-48-g4cf74bf (webtiles) character file.

221 PossumBlood the Insei (level 5, 0/38 HPs)
             Began as an Octopode Monk on Aug 17, 2016.
             Succumbed to a scorpion's poison
             ... in an ossuary.
             The game lasted 00:06:05 (3406 turns).

PossumBlood the Insei (Octopode Monk)               Turns: 3406, Time: 00:06:05

Health: 0/38       AC:  1    Str: 15    XL:     5   Next: 98%
Magic:  5/5        EV: 14    Int: 13    God:
Gold:   165        SH:  0    Dex: 15    Spells: 0 memorised, 4 levels left

rFire  . . .     SeeInvis .       - Unarmed
rCold  . . .     Gourm    .     (no shield)
rNeg   . . .     Faith    .     (helmet restricted)
rPois  .         Spirit   .     (no amulet)
rElec  .         Dismiss  .     (no ring)
rCorr  .         Reflect  .     (no ring)
SustAt .         Harm     .     (no ring)
MR     .....                    (no ring)
Stlth  +++.......               (no ring)
                                (no ring)
                                (no ring)
                                (no ring)

@: mighty, lethally poisoned (0 -> -9), not resistant to hostile enchantments,
fairly stealthy
A: almost no armour, amphibious, 8 rings, constrict 8, camouflage 1, gelatinous
body 1
a: no special abilities


You were in an ossuary.
You were not hungry.

You visited 1 branch of the dungeon, and saw 4 of its levels.
You also visited: Ossuary.

You collected 165 gold pieces.

Inventory:

Scrolls
 b - a scroll of magic mapping {unknown}
 c - 10 scrolls of identify {unknown}
 e - 2 scrolls of enchant armour {unknown}
 g - a scroll of immolation {unknown}
 i - 2 scrolls of remove curse {unknown}
 m - a scroll of fear {unknown}
 n - 2 scrolls of amnesia {unknown}
 s - a scroll of enchant weapon {unknown}
Potions
 h - a potion of cancellation {unknown}
 j - a potion of heal wounds {unknown}
 o - 2 potions of brilliance {unknown}
 q - a potion of mutation {unknown}
Books
 r - a book of Necromancy

   Spells                             Type                      Level
   a - Pain                           Necromancy                   1
   b - Animate Skeleton               Necromancy                   1
   c - Vampiric Draining              Necromancy                   3
   d - Regeneration                   Charms/Necromancy            3
   e - Animate Dead                   Necromancy                   4
   f - Control Undead                 Necromancy                   4
Comestibles
 a - 3 bread rations
 f - 2 beef jerkies
 k - 4 meat rations
 p - a slice of pizza


   Skills:
 * Level 4.8 Fighting
 + Level 4.0 Dodging
 - Level 2.6 Stealth
 + Level 5.1 Unarmed Combat


You had 4 spell levels left.
You didn't know any spells.

Dungeon Overview and Level Annotations

Branches:
Dungeon (4/15)
 Temple: D:4-7

Altars:
Makhleb


Innate Abilities, Weirdness & Mutations

You cannot wear most types of armour.
You are amphibious.
You can wear up to eight rings at the same time.
You can use your tentacles to constrict eight enemies at once.
Your skin changes colour to match your surroundings (Stealth).
Your rubbery body absorbs attacks (AC +1).


Message History

The scorpion is severely wounded.
You constrict the scorpion, but do no damage.
The centaur zombie misses you. The scorpion misses you.
The centaur zombie misses you. The human zombie closely misses you.
The centaur zombie barely misses you.
You tentacle-slap the scorpion but do no damage.
The scorpion is severely wounded.
You constrict the scorpion. The centaur zombie misses you.
The scorpion stings you.
* * * LOW HITPOINT WARNING * * *
You are lethally poisoned!
The scorpion poisons you! The centaur zombie hits you.
* * * LOW HITPOINT WARNING * * *
The human zombie hits you.
* * * LOW HITPOINT WARNING * * *
Drink which item? (? for menu, Esc to quit)
It was a potion of might.
You feel very mighty all of a sudden.
You constrict the scorpion.
You die...

#############
#.....#.....#
+.....#.....#
#.....8.....#
#...........#
#...........#
###8ZsZ..8###
#....@Z.....#
#.....Z.....#
#.....8.....#
#.....#..s..#
#.....#.....#
##########'#######+##
#...#...#...#M?!#
#...8...'..^#!.!+
#.......#...#?!.#


You could see 2 scorpions, a hobgoblin zombie, 2 centaur zombies and a human
zombie.

Vanquished Creatures
  A scorpion (Ossuary)
  A human zombie (Ossuary)
  4 adders
  3 oozes
  2 worms
  2 giant geckos
  6 orcs
  A ball python (D:3)
  2 giant cockroaches (D:1)
  9 hobgoblins
  9 jackals
  7 kobolds
  2 quokkas (D:3)
  6 bats
  A giant gecko zombie (D:3)
  3 giant newts
  7 goblins
  A goblin zombie (Ossuary)
  2 hobgoblin zombies (Ossuary)
  An orc zombie (Ossuary)
  A quokka skeleton (D:4)
  10 rats
81 creatures vanquished.

Notes
Turn   | Place    | Note
--------------------------------------------------------------
     0 | D:1      | PossumBlood the Octopode Monk began the quest for the Orb.
     0 | D:1      | Reached XP level 1. HP: 16/16 MP: 1/1
   101 | D:1      | Reached XP level 2. HP: 18/21 MP: 2/2
   433 | D:1      | Reached XP level 3. HP: 17/26 MP: 3/3
  1304 | D:2      | Reached XP level 4. HP: 20/33 MP: 4/4
  2281 | D:3      | Found a burning altar of Makhleb.
  2889 | D:4      | Reached XP level 5. HP: 36/37 MP: 5/5
  3167 | D:4      | Found a sand-covered staircase.
  3172 | Ossuary  | Entered an ossuary
  3193 | Ossuary  | Reached skill level 5 in Unarmed Combat
  3405 | Ossuary  | HP: 1/38 [human zombie (5)]
  3406 | Ossuary  | Succumbed to a scorpion's poison

Skill      XL: |  1  2  3  4  5 |
---------------+----------------+-----
Fighting       | 4 |  4.8
Unarmed Combat | 5 |  5.1
Dodging        | 4 |  4.0
Stealth        | |  2.6

Action                   |  1- 3 |  4- 6 || total
-------------------------+-------+-------++-------
Melee: Unarmed           |    85 |   120 ||   205
       Constrict         |    18 |    35 ||    53
       Tentacles         |    14 |    24 ||    38
       Punch             |     4 |     2 ||     6
  Use: Potion            |       |     3 ||     3
 Stab: Sleeping          |    10 |     6 ||    16
  Eat: Pizza             |     1 |       ||     1
       Fruit             |       |     7 ||     7
Armor: Skin              |     5 |     4 ||     9
Dodge: Dodged            |    66 |    62 ||   128
